 Dungeon Crawl Stone Soup version 0.29.1-12-g30fa7ad0bf (webtiles) character file.

Game seed: 10996698703749867822

1288 DildoBatman the Magician (level 8, -1/59 HPs)
             Began as a Formicid Conjurer on Jan 15, 2023.
             Was an Initiate of Kikubaaqudgha.
             Slain by a killer bee (9 damage)
             ... on level 5 of the Dungeon.
             The game lasted 00:12:18 (4817 turns).

DildoBatman the Magician (Formicid Conjurer)        Turns: 4817, Time: 00:12:19

Health: -1/59      AC:  3    Str: 10    XL:     8   Next: 85%
Magic:  10/18      EV: 12    Int: 20    God:    Kikubaaqudgha [......]
Gold:   262        SH:  0    Dex: 12    Spells: 18/21 levels left

rFire   . . .      SeeInvis +   b - +1 dagger (drain)
rCold   . . .      Faith    .   (no shield)
rNeg    . . .      Spirit   .   n - +0 robe
rPois   .          Reflect  .   (helmet unavailable)
rElec   .          Harm     .   (no cloak)
rCorr   .          Rampage  .   (no gloves)
Will    .....                   o - +0 pair of boots
Stlth   ++........              (no amulet)
HPRegen 0.19/turn               w - ring of wizardry
MPRegen 0.16/turn               (no ring)

@: no status effects
A: permanent stasis, dig shafts and tunnels, antennae 3, four strong arms, weak
1
a: Dig, Shaft Self, Renounce Religion


You were on level 5 of the Dungeon.
You worshipped Kikubaaqudgha.
Kikubaaqudgha was noncommittal.
You visited 2 branches of the dungeon, and saw 6 of its levels.

You collected 262 gold pieces.

Inventory:

Hand Weapons
 a - a +0 sling
 b - a +1 dagger of draining (weapon)
Missiles
 j - 43 stones
 v - 6 poisoned darts
Armour
 n - a +0 robe (worn)
 o - a +0 pair of boots (worn)
Magical Staves
 W - a staff of air
Jewellery
 w - a ring of wizardry (left hand)
Wands
 d - a wand of roots (13)
Scrolls
 e - 3 scrolls of poison
 f - 2 scrolls of summoning
 h - a scroll of vulnerability {unknown}
 i - 3 scrolls of teleportation
 l - a scroll of silence {unknown}
 m - a scroll of amnesia
 q - a scroll of brand weapon
 z - 3 scrolls of identify
Potions
 c - 2 potions of magic
 g - a potion of curing
 k - a potion of flight {unknown}
 p - a potion of mutation
 s - a potion of cancellation {unknown}
 u - a potion of haste {unknown}
 x - a potion of heal wounds {unknown}


   Skills:
 * Level 3.6 Fighting
 * Level 3.6 Armour
 * Level 2.6 Dodging
 - Level 2.4 Stealth
 - Level 7.0 Spellcasting
 - Level 6.0 Conjurations


You had 18 spell levels left.
You knew the following spells:

 Your Spells              Type           Power      Damage    Failure   Level
a - Searing Ray           Conj           62%        2d6       1%          2
c - Magic Dart            Conj           100%       1d8       1%          1

Your spell library contained the following spells:

 Spells                   Type           Power      Damage    Failure   Level
 Dazzling Flash           Conj/Hex       38%        N/A       3%          3
 Fulminant Prism          Conj/Hex       9%         3d7       11%         4
 Iskenderun's Mystic Bla  Conj/Tloc      19%        2d6       11%         4
 Gell's Gravitas          Tloc           7%         N/A       12%         3
 Lesser Beckoning         Tloc           7%         N/A       12%         3
 Teleport Other           Tloc           7%         N/A       12%         3
 Corpse Rot               Necr/Pois/Air  7%         N/A       34%         4
 Dispel Undead            Necr           7%         3d8       34%         4
 Starburst                Conj/Fire      9%         6d5       82%         6
 Death Channel            Necr           3%         N/A       99%         6


Dungeon Overview and Level Annotations

Branches:
Dungeon (5/15)             Temple (1/1) D:5

Altars:
Ashenzari
Dithmenos
Elyvilon
Fedhas
Gozag
Kikubaaqudgha
Makhleb
Nemelex Xobeh
Okawaru
Qazlal
Ru
Sif Muna
Trog
Uskayaw
Wu Jian
Xom
Yredelemnul
Zin
The Shining One


Innate Abilities, Weirdness & Mutations

You cannot be hasted, slowed, berserked, paralysed or teleported.
You can dig through walls and to a lower floor.
You have a pair of large antennae on your head. (SInv)
Your four strong arms can wield two-handed weapons with a shield.
You are weak. (Str -2)


Message History

The searing ray hits the killer bee!
The killer bee is almost dead.
The searing ray hits the killer bee!
The killer bee is severely wounded.
The searing ray misses the killer bee.
The killer bee stings you but does no damage.
The killer bee completely misses you.
The searing ray hits the killer bee.
The killer bee is almost dead.
The searing ray hits the killer bee.
The killer bee is almost dead.
The searing ray hits the killer bee.
You kill the killer bee!
Kikubaaqudgha accepts your kill.
You finish channelling your searing ray.
The killer bee stings you. The killer bee misses you.
Casting: Searing Ray (safe; 1% risk of failure)
Confirm with . or Enter, or press ? or * to list all spells.
Aiming: Searing Ray (safe; 1% risk of failure)
Press: ? - help, Shift-Dir - straight line, f/p - killer bee
Aim: a killer bee (almost dead, 58% to hit)
The searing ray hits the killer bee!
You kill the killer bee!
Kikubaaqudgha accepts your kill.
The searing ray misses the killer bee.
The searing ray hits the killer bee.
The killer bee is moderately wounded. (Press . to maintain the ray.)
The killer bee stings you!
The searing ray hits the killer bee!
You kill the killer bee!
Kikubaaqudgha accepts your kill.
The searing ray hits the killer bee!
The killer bee is almost dead.
The killer bee stings you.
The searing ray misses the killer bee.
The killer bee stings you!
You die...
Kikubaaqudgha rasps: "You have failed me!
Welcome... death!"

####....... #. ....
#.≈≈≈≈≈≈.##. #..#
#.≈≈§≈≈≈..#.# #..#####
#.≈§_.≈§..... ......
#§§≈>⌠≈§y##..####..#####
#....y.....().#
#.#.####..###.#
#.####..###.#
#.@y........#
#....####...###.#
#...........#
##...####.### .
##.#####.#####.# .
#.............# ### .
#######.#####.# #.# .
#.# #. #.# . #.#
#.###.##.


You could see a killer bee.

Vanquished Creatures
  An ice beast (D:5)
  A black bear (D:5)
  3 phantoms
  2 scorpions
  3 killer bees (D:5)
  A bullfrog zombie (D:5)
  2 centaur zombies (D:5)
  A hound (D:4)
  A jelly (D:5)
  2 orc priests (D:4)
  A bullfrog skeleton (D:5)
  2 iguanas (D:5)
  A scorpion zombie (D:5)
  An orc wizard (D:4)
  A hound zombie (D:5)
  2 hound skeletons (D:5)
  4 gnolls (D:5)
  11 adders
  An ufetubus (D:5)
  An adder skeleton (D:5)
  A worm (D:5)
  5 dart slugs
  7 orcs
  12 bats
  3 endoplasms
  4 giant cockroaches
  10 goblins
  8 hobgoblins
  6 jackals
  5 kobolds
  5 quokkas
  7 ball pythons
  5 frilled lizards
  4 rats
124 creatures vanquished.

Vanquished Creatures (others)
  7 plants
  7 withered plants (D:5)
14 creatures vanquished.

Grand Total: 138 creatures vanquished

Notes
Turn   | Place    | Note
-------+----------+-------------------------------------------
     0 | D:1      | DildoBatman the Formicid Conjurer began the quest for the
                  | Orb.
     0 | D:1      | Reached XP level 1. HP: 13/13 MP: 3/3
   170 | D:1      | Reached XP level 2. HP: 20/20 MP: 0/5
   173 | D:1      | Learned a level 2 spell: Searing Ray
   404 | D:1      | Reached skill level 1 in Fighting
   432 | D:1      | Reached skill level 1 in Armour
   484 | D:1      | Reached XP level 3. HP: 26/26 MP: 1/6
  1278 | D:2      | Found a sparkling altar of Nemelex Xobeh.
  1337 | D:2      | Reached XP level 4. HP: 32/32 MP: 8/8
  2039 | D:3      | Reached skill level 3 in Spellcasting
  2072 | D:3      | Reached XP level 5. HP: 38/38 MP: 7/9
  2116 | D:3      | Found a white marble altar of Elyvilon.
  2430 | D:3      | Found a faded altar of an unknown god.
  2452 | D:3      | Found a shimmering blue altar of Sif Muna.
  2656 | D:4      | Reached XP level 6. HP: 41/46 MP: 0/11
  2966 | D:4      | Reached skill level 4 in Spellcasting
  2969 | D:4      | Found a shimmering altar of Xom.
  3207 | D:4      | Reached XP level 7. HP: 52/52 MP: 13/13
  3212 | D:4      | Reached skill level 5 in Conjurations
  3660 | D:5      | Entered Level 5 of the Dungeon
  3667 | D:5      | Found a burning altar of Makhleb.
  4220 | D:5      | Reached skill level 5 in Spellcasting
  4290 | D:5      | Found a staircase to the Ecumenical Temple.
  4296 | Temple   | Entered the Ecumenical Temple
  4346 | Temple   | Became a worshipper of Kikubaaqudgha
  4372 | D:5      | Reached XP level 8. HP: 54/58 MP: 5/15
  4516 | D:5      | Reached skill level 6 in Spellcasting
  4741 | D:5      | Reached skill level 7 in Spellcasting
  4809 | D:5      | Gained mutation: You are weak. (Str -2) [potion of
                  | mutation]
  4817 | D:5      | Slain by a killer bee

Illustrated notes

Levels and vault maps discovered:
D:1:      dpeg_arrival_simpleton_b, layout_basic, grunt_decor_junction,
          kennysheep_flooded_box
D:2:      layout_basic, basic_altar
D:3:      layout_rooms, elyvilon_altar_5, lemuel_round_altar,
          shapermc_ecumenical_altar_mp_ritualfount, moated_statue, fountainhead
D:4:      minmay_wonky_spiral, layout_basic, mainiacjoe_overflow_boulevard
D:5:      layout_loops_ring, general_overflow_altar,
          minmay_temple_entry_gardened_gates, serial_undead, serial_undead_e,
          serial_undead_b, serial_undead_e, serial_undead_b, serial_undead_a,
          serial_undead_c, minmay_pentangle, uniq_crazy_yiuf_cottage
Temple:   hellmonk_temple_of_storms

Skill      XL: |  1  2  3  4  5  6  7  8 |
---------------+-------------------------+-----
Dodging        | 2 |  2.6
Fighting       | 1 2 3 |  3.6
Armour         | 1 2 3 |  3.6
Conjurations   | 4 5 6 |  6.0
Spellcasting   | 3 4 5 7 |  7.0
Stealth        | |  2.4

Action                   |  1- 3 |  4- 6 |  7- 9 || total
-------------------------+-------+-------+-------++-------
Melee: Dagger            |    16 |       |    17 ||    33
       Spear             |       |     6 |       ||     6
       Rapier            |       |       |     4 ||     4
 Fire: Sling             |       |    64 |    35 ||    99
 Cast: Magic Dart        |    65 |    49 |    29 ||   143
       Searing Ray       |     1 |     9 |    26 ||    36
  Use: Scroll            |       |       |     5 ||     5
       Potion            |       |       |     2 ||     2
 Stab: Distracted        |     1 |       |       ||     1
       Sleeping          |     1 |     2 |       ||     3
Armor: Robe              |     9 |    15 |    22 ||    46
Dodge: Dodged            |    13 |    39 |    66 ||   118
